 Dungeon Crawl Stone Soup version 0.22-a0-855-g415d086bb8 (console) character file.

4298 Lexodia the Basher (level 10, -2/73 HPs)
             Began as a Formicid Fighter on July 27, 2018.
             Was a Believer of Qazlal.
             Slain by a two-headed ogre
             ... wielding a +0 giant club
              (15 damage)
             ... on level 9 of the Dungeon.
             The game lasted 00:23:47 (6855 turns).

Lexodia the Basher (Formicid Fighter)               Turns: 6855, Time: 00:23:47

Health: -2/73      AC: 10    Str: 23 (24) XL:     10   Next: 57%
Magic:  11/11      EV:  8    Int: 12 (13) God:    Qazlal [**....]
Gold:   245        SH:  0    Dex:  8 (10) Spells: 9/9 levels left

rFire    . . .     SeeInvis +   a - +1 flail
rCold    + . .     Gourm    .   c - +2 shield
rNeg     + . .     Faith    .   b - +0 scale mail
rPois    +         Spirit   .   (helmet unavailable)
rElec    .         Reflect  .   n - +1 cloak
rCorr    .         Harm     .   (no gloves)
MR       +....                  (no boots)
Stlth    ..........             q - amulet of regeneration
HPRegen  0.62/turn              h - ring of protection from cold
MPRegen  0.12/turn              o - ring of positive energy

@: confused, brilliant
A: permanent stasis, dig shafts and tunnels, four strong arms, antennae 3,
talons 1, rugged brown scales 1, poison resistance
a: Dig, Shaft Self, Upheaval, Renounce Religion


You were on level 9 of the Dungeon.
You worshipped Qazlal.
Qazlal was pleased with you.
You were not hungry.

You visited 2 branches of the dungeon, and saw 12 of its levels.

You collected 245 gold pieces.

Inventory:

Hand Weapons
 a - a +1 flail (weapon)
 C - a cursed +5 morningstar of freezing
Armour
 b - a +0 scale mail (worn)
 c - a +2 shield (worn)
 n - a +1 cloak (worn)
Jewellery
 h - a ring of protection from cold (left hand)
 i - an uncursed amulet of guardian spirit
 m - an uncursed ring of wizardry
 o - a ring of positive energy (right hand)
 q - an amulet of regeneration (around neck)
 r - a +3 ring of intelligence
 t - a +3 ring of strength
Wands
 y - a wand of polymorph (11)
Scrolls
 e - 4 scrolls of remove curse
 p - a scroll of enchant weapon
 s - a scroll of fog
 u - 4 scrolls of identify
 x - a scroll of enchant armour
Potions
 d - a potion of might
 g - 2 potions of curing
 j - a potion of flight
 k - 2 potions of lignification
 l - 3 potions of mutation
 v - a potion of degeneration
 D - a potion of magic {unknown}
Comestibles
 f - 18 rations
 B - 5 chunks of flesh


   Skills:
 - Level 4.0 Fighting
 * Level 13.2 Maces & Flails
 - Level 5.0 Armour
 - Level 5.4 Shields
 + Level 2.5 Invocations


You had 9 spell levels left.
You didn't know any spells.
Your spell library was empty.

Dungeon Overview and Level Annotations

Branches:
Dungeon (11/15)            Temple (1/1) D:4
   Lair: D:8-11         Orc: D:9-12

Altars:
Ashenzari
Elyvilon
Fedhas
Gozag
Hepliaklqana
Kikubaaqudgha
Makhleb
Nemelex Xobeh
Okawaru
Qazlal
Ru
Sif Muna
Trog
Uskayaw
Vehumet
Wu Jian
Xom
Yredelemnul
Zin
The Shining One


Innate Abilities, Weirdness & Mutations

You cannot be hasted, slowed, berserked, paralysed or teleported.
You can dig through walls and to a lower floor.
Your four strong arms can wield two-handed weapons with a shield.
You have a pair of large antennae on your head. (SInv)
You have sharp toenails.
You are partially covered in rugged brown scales. (AC +1, +3% HP)
Your system is resistant to poisons. (rPois)


Message History

Rugged brown scales grow over part of your body.
Your toenails lengthen and sharpen.
You feel resistant to poisons.
Some of the chunks of flesh in your inventory have rotted away.
It was a potion of degeneration.
There was something very wrong with that liquid.
You feel weakened.
You feel dopey.
You feel clumsy.
You block the two-headed ogre's attack. x2
It was a potion of berserk rage.
Your stasis prevents you from going berserk.
The two-headed ogre hits you but does no damage.
The two-headed ogre hits you with a giant spiked club!
* * * LOW HITPOINT WARNING * * *
Huge Dmg: -22%(-16hp) hp: 13%(9hp) It was a potion of brilliance.
You feel clever all of a sudden.
It was a potion of ambrosia.
You are confused.
You feel invigorated.
The two-headed ogre hits you with a giant club!
You die...

#.#..# .#
#..###.#..##.###
#.............. #.#
##...###.#
######.###.......%#
###......##..#####..#
.#........##..#(..#.##
#.........##..#(..#.#
.... #...@O..#####.##
#..#..#...##....†....#
#........##...._......#
#.##.##>.##.......###...#
#. #..#######......#.# ..
...# #.#### # # ## .####
#.# .. #.# .. #.#


You could see a two-headed ogre and 2 dancing weapons.

Vanquished Creatures
  A centaur skeleton (D:10)
  Grinder (D:3)
  A hippogriff (D:7)
  Sigmund (D:6)
  A hungry ghost (D:8)
  Duvessa (D:6)
  An orc warrior (D:8)
  2 sky beasts (D:10)
  3 phantoms
  5 ogres
  A centaur (D:6)
  7 bullfrogs
  A wyvern zombie (D:6)
  Dowan (D:6)
  2 scorpions
  8 wights
  2 jellies
  2 howler monkeys
  A centaur zombie (D:4)
  3 crimson imps
  2 hounds (D:5)
  Crazy Yiuf (D:2)
  4 orc priests
  Jessica (D:2)
  An iguana (D:9)
  5 orc wizards
  Natasha (twice) (D:2)
  10 worker ants
  4 gnolls
  8 adders
  3 shadow imps
  2 oozes (D:1)
  2 adder skeletons
  3 worms
  A dart slug (D:1)
  5 leopard geckos
  20 orcs
  3 ball pythons
  8 bats
  9 giant cockroaches
  6 goblins
  9 hobgoblins
  14 jackals
  2 quokkas
  7 frilled lizards
  A giant cockroach zombie (D:5)
  4 kobolds
  2 leopard gecko zombies (D:6)
  A quokka zombie (D:5)
  8 rats
193 creatures vanquished.

Notes
Turn   | Place    | Note
-------+----------+-------------------------------------------
     0 | D:1      | Lexodia the Formicid Fighter began the quest for the Orb.
     0 | D:1      | Reached XP level 1. HP: 18/18 MP: 1/1
   157 | D:1      | Reached XP level 2. HP: 24/24 MP: 2/2
   306 | D:1      | Reached XP level 3. HP: 26/29 MP: 3/3
   790 | D:2      | Found a blossoming altar of Fedhas.
   842 | D:2      | Reached XP level 4. HP: 35/37 MP: 4/4
   854 | D:2      | Reached skill level 3 in Maces & Flails
  1287 | D:2      | Reached XP level 5. HP: 37/42 MP: 5/5
  1451 | D:2      | Found a glowing golden altar of the Shining One.
  1488 | D:2      | Noticed Jessica
  1509 | D:2      | Huge Dmg: 10 dmg
  1514 | D:2      | Killed Jessica
  1549 | D:2      | Became a worshipper of the Shining One
  1733 | D:2      | Noticed Natasha
  1743 | D:2      | Huge Dmg: 8 dmg
  1746 | D:2      | Killed Natasha
  1765 | D:2      | Found a runed door.
  1851 | D:2      | Noticed Crazy Yiuf
  1857 | D:2      | Huge Dmg: 7 dmg
  1858 | D:2      | Huge Dmg: 7 dmg
  1860 | D:2      | Killed Crazy Yiuf
  1860 | D:2      | Reached XP level 6. HP: 16/48 MP: 6/6
  1889 | D:2      | Huge Dmg: 3 dmg
  2036 | D:2      | Noticed Natasha
  2040 | D:2      | Killed Natasha
  2040 | D:2      | Reached skill level 4 in Maces & Flails
  2178 | D:3      | Noticed Grinder
  2228 | D:3      | Huge Dmg: 13 dmg
  2231 | D:3      | Huge Dmg: 13 dmg
  2232 | D:3      | Huge Dmg: 4 dmg
  2232 | D:3      | Killed Grinder
  2232 | D:3      | Reached skill level 5 in Maces & Flails
  2232 | D:3      | Reached skill level 5 in Armour
  2232 | D:3      | Reached skill level 5 in Shields
  2232 | D:3      | Reached XP level 7. HP: 14/54 MP: 7/7
  2992 | D:4      | Reached skill level 6 in Maces & Flails
  3040 | D:4      | Reached * piety under the Shining One
  3041 | D:4      | Found a basalt altar of Yredelemnul.
  3061 | D:4      | Reached XP level 8. HP: 54/60 MP: 8/8
  3523 | D:4      | Reached skill level 7 in Maces & Flails
  3530 | D:4      | Found a staircase to the Ecumenical Temple.
  3630 | D:4      | Found an ornate altar of the Wu Jian Council.
  3736 | D:5      | Entered Level 5 of the Dungeon
  3785 | D:6      | Noticed Sigmund
  3970 | D:5      | Found a hazy altar of Hepliaklqana.
  4088 | D:5      | Reached skill level 8 in Maces & Flails
  4155 | D:5      | Found a shimmering altar of Xom.
  4156 | D:5      | Found a burning altar of Makhleb.
  4162 | D:5      | Huge Dmg: 18 dmg
  4427 | D:5      | Found an opulent altar of Gozag.
  4427 | D:5      | Found a bloodstained altar of Trog.
  4481 | Temple   | Entered the Ecumenical Temple
  4700 | Temple   | Fell from the grace of the Shining One
  4700 | Temple   | Became a worshipper of Qazlal Stormbringer
  4831 | D:6      | Noticed Dowan
  4832 | D:6      | Noticed Duvessa
  4843 | D:6      | Killed Duvessa
  4843 | D:6      | Reached skill level 9 in Maces & Flails
  4848 | D:6      | Huge Dmg: 14 dmg
  4849 | D:6      | Huge Dmg: 6 dmg
  4851 | D:6      | Huge Dmg: 4 dmg
  4857 | D:6      | Killed Dowan
  4857 | D:6      | Reached XP level 9. HP: 22/65 MP: 9/9
  4969 | D:6      | Huge Dmg: 11 dmg
  4972 | D:6      | Huge Dmg: 12 dmg
  4975 | D:6      | Killed Sigmund
  4975 | D:6      | Reached skill level 10 in Maces & Flails
  5047 | D:6      | Huge Dmg: 12 dmg
  5410 | D:6      | Reached * piety under Qazlal
  5619 | D:6      | Reached skill level 11 in Maces & Flails
  6073 | D:7      | Noticed a hippogriff
  6094 | D:7      | Killed a hippogriff
  6215 | D:7      | Reached XP level 10. HP: 69/71 MP: 10/10
  6392 | D:8      | Reached skill level 12 in Maces & Flails
  6591 | D:8      | You fall through a shaft for 3 floors!
  6604 | D:11     | Huge Dmg: 13 dmg
  6607 | D:10     | Entered Level 10 of the Dungeon
  6611 | D:10     | Huge Dmg: 22 dmg
  6615 | D:10     | Reached ** piety under Qazlal
  6646 | D:10     | Huge Dmg: 10 dmg
  6727 | D:10     | Reached skill level 13 in Maces & Flails
  6727 | D:10     | Reached skill level 1 in Invocations
  6801 | D:9      | Noticed a hand axe
  6801 | D:9      | Noticed a hand axe
  6802 | D:9      | Found a hide-covered altar of Uskayaw.
  6836 | D:9      | Noticed a two-headed ogre
  6839 | D:9      | Huge Dmg: 23 dmg
  6840 | D:9      | Huge Dmg: 11 dmg
  6851 | D:9      | Huge Dmg: 19 dmg
  6851 | D:9      | Gained mutation: You are partially covered in rugged brown scales. (AC +1, +3% HP) [potion of mutation]
  6851 | D:9      | Gained mutation: You have sharp toenails. [potion of mutation]
  6851 | D:9      | Gained mutation: Your system is resistant to poisons. (rPois) [potion of mutation]
  6854 | D:9      | Huge Dmg: 16 dmg
  6855 | D:9      | Slain by a two-headed ogre

Vault maps used:
D:1:      ncdulo_watergridlock, hex_large
D:2:      fedhas_altar_2, corexii_leaking_fountain,
          hangedman_decor_diamond_cutter, nicolae_tso_swordbearing_angel,
          uniq_jessica, uniq_natasha, uniq_crazy_yiuf_cottage
D:3:      uniq_grinder
D:4:      marbit_many_paths, yredelemnul_altar_generic,
          minmay_temple_entry_from_below_a, kennysheep_generic_room_10
D:5:      grunt_temple_overflow_champion_of_chaos,
          lemuel_coloured_pillars_altar, gammafunk_temple_overflow_elements,
          first_ration, hangedman_minor_gate_pass
D:6:      uniq_sigmund, uniq_duvessa
D:7:      kennysheep_mini
D:8:      cheibrodos_worm_habitat, uniq_joseph
D:9:      dancing_weapons_uskayaw, lair_entry_dummy, st_stairs_13, uniq_erolcha
D:10:     hangedman_little_slice_of_home, lightli_fourway_metalbox
Temple:   minmay_temple_curvy_loop

Skill      XL: |  1  2  3  4  5  6  7  8  9 10 |
---------------+-------------------------------+-----
Shields        | 4 5 |  5.4
Maces & Flails | 3 5 6 9 11 13 | 13.2
Fighting       | 4 |  4.0
Armour         | 4 5 |  5.0
Invocations    | 2 |  2.5

Action                   |  1- 3 |  4- 6 |  7- 9 | 10-12 || total
-------------------------+-------+-------+-------+-------++-------
Melee: Flail             |   104 |   184 |   434 |   176 ||   898
 Abil: Dig               |     3 |     1 |     1 |     2 ||     7
  Use: Scroll            |       |     5 |     7 |       ||    12
       Potion            |       |       |     1 |     5 ||     6
  Eat: Chunk             |       |     5 |    14 |     4 ||    23
Armor: Scale mail        |    57 |    78 |   140 |    29 ||   304
Dodge: Dodged            |    39 |    46 |    88 |    31 ||   204
Block: Shield            |    59 |    81 |   253 |    72 ||   465

Table legend:
 A = Spawn XP
 B = Non-spawn XP
 C = Spawn XP percentage of total XP
 D = Spawn monster count
 E = Non-spawn monster count
 F = Spawn count percentage of total count
 G = Total turns spent on level
                    A         B        C        D         E        F      G
               +---------+---------+-------+---------+---------+-------+---------
         Total |       0 |    6140 |   0.0 |       0 |     193 |   0.0 |  6855
               +---------+---------+-------+---------+---------+-------+---------
           D:1 |       0 |      55 |   0.0 |       0 |      24 |   0.0 |   785
           D:2 |       0 |     254 |   0.0 |       0 |      28 |   0.0 |  1277
           D:3 |       0 |     429 |   0.0 |       0 |      32 |   0.0 |   774
           D:4 |       0 |     517 |   0.0 |       0 |      14 |   0.0 |   914
           D:5 |       0 |     514 |   0.0 |       0 |      22 |   0.0 |   780
           D:6 |       0 |    1532 |   0.0 |       0 |      34 |   0.0 |  1276
           D:7 |       0 |     774 |   0.0 |       0 |      12 |   0.0 |   313
           D:8 |       0 |     779 |   0.0 |       0 |      15 |   0.0 |   235
           D:9 |       0 |     125 |   0.0 |       0 |       2 |   0.0 |    56
          D:10 |       0 |    1039 |   0.0 |       0 |       9 |   0.0 |   192
          D:11 |       0 |     122 |   0.0 |       0 |       1 |   0.0 |    16
               +---------+---------+-------+---------+---------+-------+---------
